 Dungeon Crawl Stone Soup version 0.30.1-4-g462c640d31 (webtiles) character file.

Game seed: 12540304424893238729

10719 wingedge the Sneak (level 11, -10/88 HPs)
             Began as a Demigod Earth Elementalist on Sept 16, 2023.
             Killed from afar by a gargoyle (18 damage)
             ... with a stone arrow
             ... on level 11 of the Dungeon.
             The game lasted 00:50:42 (14235 turns).

wingedge the Sneak (Demigod Earth Elementalist)    Turns: 14235, Time: 00:50:43

Health: -10/88     AC: 13    Str: 19    XL:     11   Next: 17%
Magic:  1/6        EV: 11    Int: 31    God:
Gold:   408        SH:  4    Dex: 14    Spells: 4/18 levels left

rFire   . . .        z - +1 hand axe (antimagic)
rCold   . . .        W - +0 buckler
rNeg    . . .        E - +0 swamp dragon scales
rPois   +            N - +2 helmet
rElec   .            (no cloak)
rCorr   .            o - +0 pair of gloves
SInv    .            (no boots)
Will    +....        (no amulet)
Stlth   +++          n - +6 ring of strength
HPRegen 0.34/turn    B - +6 ring of intelligence
MPRegen 0.10/turn

%: no passive effects
@: no status effects
A: high MP 1, forlorn, divine attributes
a: no special abilities


You were on level 11 of the Dungeon.
You visited 1 branch of the dungeon, and saw 11 of its levels.
You also visited: Sewer.

You collected 565 gold pieces.
You spent 157 gold pieces at shops.

Inventory:

Hand Weapons
 a - the +10 dagger of the Wilderness {holy, rElec rC+ Str-3 Int+5}
   (You found it on level 8 of the Dungeon)

   Str:       It affects your strength (-3).
   Int:       It affects your intelligence (+5).
   rC:        It protects you from cold.
   rElec:     It insulates you from electricity.
 b - the +6 war axe "Reohor" {drain, rF+}
   (You found it on level 11 of the Dungeon)

   rF:        It protects you from fire.
 z - a +1 antimagic hand axe (weapon)
 F - a +0 broad axe
 X - a +4 hand axe of electrocution
Missiles
 x - 16 boomerangs of dispersal
 y - 8 javelins
 G - 2 throwing nets
 H - 2 silver javelins
 O - 35 poisoned darts
Armour
 o - a +0 pair of gloves (worn)
 E - +0 swamp dragon scales (worn)
 N - a +2 helmet (worn)
 P - a +0 robe of willpower
 Q - a +1 chain mail of fire resistance
 W - a +0 buckler (worn)
Magical Staves
 j - a staff of conjuration
Jewellery
 n - a +6 ring of strength (left hand)
 s - a ring of see invisible
 B - a +6 ring of intelligence (right hand)
Wands
 t - a wand of polymorph (11)
 u - a wand of flame (30)
 R - a wand of iceblast (3)
Scrolls
 c - 4 scrolls of enchant weapon
 e - 3 scrolls of magic mapping
 f - 3 scrolls of amnesia
 i - 3 scrolls of fog
 l - 3 scrolls of enchant armour
 m - 2 scrolls of poison
 w - 3 scrolls of fear (quivered)
 C - 2 scrolls of blinking {unknown}
 I - a scroll of noise {unknown}
 K - a scroll of acquirement {unknown}
 M - a scroll of vulnerability {unknown}
 S - a scroll of immolation {unknown}
 U - 14 scrolls of teleportation
Potions
 d - 4 potions of resistance
 g - 6 potions of curing {unknown}
 h - 5 potions of mutation {unknown}
 k - a potion of magic
 p - a potion of might {unknown}
 q - 5 potions of heal wounds
 r - 3 potions of lignification {unknown}
 v - 3 potions of berserk rage {unknown}
 A - a potion of invisibility {unknown}
 J - 2 potions of experience {unknown}
 L - 3 potions of haste {unknown}
 V - a potion of ambrosia {unknown}


   Skills:
 + Level 5.4 Fighting
 + Level 3.4 Axes
 - Level 6.0 Armour
 - Level 2.0 Dodging
 - Level 7.0 Stealth
 + Level 1.9 Shields
 - Level 4.0 Spellcasting
 - Level 5.0 Conjurations
 + Level 6.6 Necromancy
 - Level 4.0 Translocations
 - Level 0.8 Transmutations
 - Level 5.0 Ice Magic
 - Level 5.0 Earth Magic


You had 4 spell levels left.
You knew the following spells:

 Your Spells              Type           Power      Damage    Failure   Level
b - Stone Arrow           Conj/Erth      74%        3d11      4%          3
c - Hailstorm             Conj/Ice       37%        3d9       4%          3
d - Blink                 Tloc           62%        N/A       3%          2
e - Animate Dead          Necr           47%        N/A       8%          4
i - Sublimation of Blood  Necr           47%        N/A       1%          2

Your spell library contained the following spells:

 Spells                   Type           Power      Damage    Failure   Level
 Freeze                   Ice            100%       1d10      1%          1
 Magic Dart               Conj           100%       1d8       1%          1
 Sandblast                Erth           74%        2d16      1%          1
 Lesser Beckoning         Tloc           62%        N/A       3%          2
 Momentum Strike          Conj/Tloc      68%        3d9       3%          2
 Frozen Ramparts          Ice            74%        1d12      4%          3
 Passwall                 Tmut/Erth      20%        N/A       5%          2
 Static Discharge         Conj/Air       42%        2-4/arc   7%          2
 Gell's Gravitas          Tloc           31%        N/A       7%          3
 Teleport Other           Tloc           31%        N/A       7%          3
 Wereblood                Tmut           11%        N/A       13%         2
 Call Imp                 Summ           12%        N/A       19%         2
 Mephitic Cloud           Conj/Pois/Air  16%        N/A       19%         3
 Petrify                  Tmut/Erth      24%        N/A       36%         4
 Airstrike                Air            3%         2d(1-17)  77%         4
 Summon Lightning Spire   Summ/Air       6%         N/A       77%         4
 Dispersal                Tloc           15%        N/A       98%         6
 Haunt                    Necr/Summ      13%        N/A       100%        7
 Summon Hydra             Summ           3%         N/A       100%        7
 Infestation              Necr           23%        N/A       100%        8


Dungeon Overview and Level Annotations

Branches:
Dungeon (11/15)            Temple (0/1) D:6           Sewer (visited)
   Lair: D:8-11         Orc: D:9-12

Shops:
D:8 [


Innate Abilities, Weirdness & Mutations

You have an increased reservoir of magic. (+10% MP)
You shall have no god before yourself.
Your divine heritage dramatically boosts your attributes as you level up.


Message History

Press: ? - help, v - describe, . - travel
Here: a gargoyle, wielding a +0 flail (heavily damaged)
The floor.
Unknown command.
The +10 dagger of the Wilderness {holy, rElec rC+ Str-3 Int+5} stops glowing.
You feel magic leave you.
z - a +1 antimagic hand axe (weapon)
You hit the gargoyle.
The gargoyle is heavily damaged.
The gargoyle hurls a stone arrow at you.
The stone arrow hits you!!
The gargoyle hurls a stone arrow at you.
The stone arrow misses you.
You hit the gargoyle but do no damage.
The gargoyle is heavily damaged.
The gargoyle hits you with a +0 flail.
The gargoyle hurls a stone arrow at you.
The stone arrow hits you!
You completely miss the gargoyle.
The gargoyle is heavily damaged.
The gargoyle hits you with a +0 flail! The gargoyle closely misses you.
You hit the gargoyle but do no damage.
The gargoyle is heavily damaged.
The gargoyle hurls a stone arrow at you.
The stone arrow hits you!!
* * * LOW HITPOINT WARNING * * *
Okay, then.
You can't see any enemies this would affect, really read the scroll of fear?
Okay, then.
Throw: 3 throwing nets
Press: ? - help, Shift-Dir - straight line, f/p - gargoyle
Aim: a gargoyle, wielding a +0 flail (heavily damaged, 75% to hit)
You throw a throwing net. The throwing net hits the gargoyle.
The gargoyle is caught in the net!
The gargoyle is heavily damaged.
You feel yourself speed up.
The gargoyle struggles against the net.
The gargoyle hurls a stone arrow at you.
The stone arrow hits you!!
You die...

9###(..#..#..Y...#
#.#....##.#.T....#
##....†##.'.o{...#
###......####......#
.........# ###'####
..W......# #.#
.........# #.##
######.## #..###
#@9...# ##...#
##.##### #####.#
#....# #......
#....# #####......
#....# #..........
#....# ##.###......
#....###..# #......
#....##..## #......
#<......## #.>....


You could see a gargoyle (caught).

Vanquished Creatures
  A two-headed ogre (D:10)
  A cyclops (D:11)
  2 ugly things (D:11)
  Maggie (D:6)
  A gargoyle (D:10)
  2 unseen horrors (D:11)
  A troll (D:11)
  A hornet (D:8)
  2 wyverns
  A vampire (D:8)
  4 wraiths
  9 yaks
  2 steam dragons
  2 orc warriors
  3 water moccasins
  3 sky beasts
  A black bear (D:5)
  2 ice beasts
  An ogre (D:4)
  2 centaurs
  6 kobold brigands
  A phantom (D:7)
  A scorpion (D:4)
  A bullfrog (D:7)
  7 wights
  6 killer bees
  5 howler monkeys
  4 hounds
  A jelly (D:7)
  A gnoll bouda (D:7)
  5 orc priests
  3 sleepcaps
  4 iguanas
  11 orc wizards
  Natasha (thrice) (D:2)
  8 gnolls
  9 adders
  2 river rats (Sewer)
  A shadow imp (D:6)
  4 ufetubi
  6 worms
  A dart slug (D:1)
  44 orcs
  2 bat skeletons (D:2)
  2 bat zombies (D:2)
  9 endoplasms
  2 giant cockroaches
  7 hobgoblins
  6 jackals (D:5)
  3 quokkas
  8 ball pythons
  3 bats
  A frilled lizard (D:1)
  6 goblins
  21 kobolds
  A quokka skeleton (D:2)
  6 rats
  A spectral jackal (D:2)
  2 butterflies (D:1)
256 creatures vanquished.

Vanquished Creatures (collateral kills)
  4 yaks
  An acid dragon (D:11)
  An orc warrior (D:9)
  2 kobold brigands
  2 killer bees
  2 orcs (D:9)
  3 kobolds
15 creatures vanquished.

Vanquished Creatures (others)
  An unseen horror zombie (D:11)
  A wyvern zombie (D:11)
  5 yak zombies
  A howler monkey zombie (D:9)
  A kobold zombie (D:9)
9 creatures vanquished.

Grand Total: 280 creatures vanquished

Notes
Turn   | Place    | Note
-------+----------+-------------------------------------------
     0 | D:1      | wingedge the Demigod Earth Elementalist began the quest for
                  | the Orb.
     0 | D:1      | Reached XP level 1. HP: 14/14 MP: 5/5
   260 | D:1      | Reached skill level 2 in Stealth
   294 | D:1      | Reached XP level 2. HP: 20/20 MP: 4/7
   931 | D:2      | Reached skill level 1 in Conjurations
  1078 | D:2      | Reached XP level 3. HP: 26/26 MP: 5/8
  1271 | D:2      | Identified the +1 robe of Xuunemow {+Inv}
  1483 | D:2      | Noticed Natasha
  1643 | D:2      | Learned a level 3 spell: Stone Arrow
  1714 | D:2      | Identified the +9 dagger "Lilooq" {pain, rPois rF- rCorr
                  | Dex-5}
  1768 | D:2      | Killed Natasha
  1769 | D:2      | Reached XP level 4. HP: 19/33 MP: 1/9
  2288 | D:2      | Noticed Natasha
  2293 | D:2      | Killed Natasha
  2663 | D:2      | Noticed Natasha
  2672 | D:2      | Killed Natasha
  3026 | D:3      | Reached skill level 1 in Fighting
  3169 | D:3      | Reached XP level 5. HP: 33/40 MP: 8/10
  3471 | D:3      | You fall into a shaft and drop 2 floors!
  3471 | D:5      | Entered Level 5 of the Dungeon
  3851 | D:5      | Noticed a water moccasin
  3858 | D:5      | Killed a water moccasin
  3859 | D:5      | Reached XP level 6. HP: 31/48 MP: 1/12
  3944 | D:5      | Learned a level 3 spell: Hailstorm
  3971 | D:5      | Noticed a water moccasin
  3977 | D:5      | Killed a water moccasin
  4278 | D:4      | Reached skill level 1 in Ice Magic
  4650 | D:4      | Reached XP level 7. HP: 56/56 MP: 12/14
  5139 | D:4      | Reached skill level 5 in Earth Magic
  5878 | D:6      | Found a glowing drain.
  5882 | Sewer    | Entered a sewer
  5911 | Sewer    | Reached skill level 1 in Armour
  6971 | D:6      | Reached XP level 8. HP: 59/64 MP: 0/16
  7363 | D:6      | Found a staircase to the Ecumenical Temple.
  7522 | D:6      | Noticed Maggie
  7528 | D:6      | Killed Maggie
  7529 | D:6      | Reached skill level 3 in Stealth
  7529 | D:6      | Reached skill level 5 in Conjurations
  7529 | D:6      | Reached skill level 1 in Necromancy
  7782 | D:6      | Learned a level 2 spell: Blink
  8419 | D:7      | Reached skill level 1 in Translocations
  8615 | D:7      | Reached skill level 4 in Stealth
  8615 | D:7      | Reached XP level 9. HP: 56/71 MP: 2/18
  9207 | D:7      | Learned a level 4 spell: Animate Dead
 10035 | D:8      | Identified the +10 dagger of the Wilderness {holy, rElec
                  | rC+ Str-3 Int+5}
 10166 | D:8      | Reached skill level 5 in Stealth
 10166 | D:8      | Reached skill level 5 in Ice Magic
 10367 | D:8      | Found Veil's Antique Armour Shop.
 10375 | D:8      | Bought a runed helmet for 157 gold pieces
 11331 | D:9      | Reached XP level 10. HP: 48/78 MP: 1/19
 11631 | D:9      | Reached skill level 6 in Stealth
 11912 | D:9      | Reached skill level 5 in Armour
 12335 | D:10     | Entered Level 10 of the Dungeon
 12347 | D:10     | Reached skill level 5 in Necromancy
 12640 | D:10     | Learned a level 2 spell: Sublimation of Blood
 12741 | D:10     | Reached skill level 7 in Stealth
 12893 | D:10     | Reached skill level 1 in Axes
 13147 | D:10     | Noticed a two-headed ogre
 13155 | D:10     | Killed a two-headed ogre
 13720 | D:11     | Reached skill level 5 in Fighting
 13770 | D:11     | Identified the +6 war axe "Reohor" {drain, rF+}
 13950 | D:11     | Reached XP level 11. HP: 86/86 MP: 10/20
 14062 | D:11     | Reached skill level 1 in Shields
 14235 | D:11     | Killed from afar by a gargoyle

Illustrated notes

Levels and vault maps discovered:
D:1:      spicycebolla_arrival_clurvy, layout_basic,
          ebering_ecumenical_altar_sacrificial, hangedman_decor_slide_cut
D:2:      layout_rooms, dilly_guarded_unrand_morg
D:3:      layout_basic, mainiacjoe_overflow_surrounded_room
D:4:      layout_cave_pools, grunt_temple_overflow_open
D:5:      layout_loops_ring
D:6:      layout_loops_ring, minmay_temple_entry_junction, gup_sewer_entry_bowl,
          kennysheep_generic_room_4, uniq_maggie
D:7:      layout_cave_pools, okawaru_ov_weapons_minmay, xom_butterflies,
          hangedman_glass_teeth, minmay_misc_feat_plants
D:8:      layout_loops_ring, nicolae_vehumet_altar_sigil,
          mainiacjoe_overflow_brackets, serial_shops, shop, nzn_life_drinkers
D:9:      layout_irregular_city, nicolae_tso_carved_into_rock,
          lemuel_coloured_pillars_altar, minmay_unpleasant_kobolds
D:10:     layout_long_grid, minmay_misc_feat_rugged
D:11:     layout_roguey, erik_lair_dragon, david_orc_4, minmay_ruined_shrine

Skill      XL: |  1  2  3  4  5  6  7  8  9 10 11 |
---------------+----------------------------------+-----
Stealth        | 2 4 5 7 |  7.0
Dodging        | 2 |  2.0
Spellcasting   | 2 3 4 |  4.0
Conjurations   | 1 2 3 4 5 |  5.0
Earth Magic    | 3 4 5 |  5.0
Fighting       | 1 2 3 4 5 |  5.4
Ice Magic      | 1 2 4 5 |  5.0
Armour         | 1 2 4 6 |  6.0
Necromancy     | 2 4 6 |  6.6
Translocations | 1 3 4 |  4.0
Axes           | 2 3 |  3.4
Shields        | 1 |  1.9
Transmutations | |  0.8

Action                     |  1- 3 |  4- 6 |  7- 9 | 10-12 || total
---------------------------+-------+-------+-------+-------++-------
  Melee: Unarmed           |     3 |       |       |       ||     3
         Dagger            |     1 |     8 |     5 |     1 ||    15
         Spear             |     5 |       |       |       ||     5
         Hand axe          |       |     2 |    32 |    33 ||    67
  Throw: Throwing net      |       |       |       |     1 ||     1
   Cast: Sandblast         |    48 |    51 |    55 |       ||   154
         Stone Arrow       |     1 |    29 |   142 |    69 ||   241
         Hailstorm         |       |       |    11 |    13 ||    24
         Animate Dead      |       |       |     2 |     4 ||     6
         Blink             |       |       |     1 |       ||     1
         Sublimation of Bl |       |       |       |     1 ||     1
    Use: Scroll            |       |     7 |     5 |     1 ||    13
   Stab: Sleeping          |     1 |       |       |       ||     1
 Armour: Robe              |    33 |     2 |       |       ||    35
         Leather armour    |       |    10 |     8 |       ||    18
         Swamp dragon scal |       |       |    22 |    39 ||    61
  Dodge: Dodged            |    62 |    11 |    68 |    43 ||   184
  Block: Buckler           |       |       |       |     2 ||     2
